[ PARTIDA AOE2 · #495970441 ]
UnrankedSicilianos vs Huns
Equipo del jugador · VICT
Equipo rival · DERR
[ ANÁLISIS DE REPETICIÓN · EXTRAÍDO DE LA PARTIDA GRABADA ]
Feudal
10:32
Castillos
14:47
Imperial
31:32
| APM promedio | 38.4 |
| APM pico | 92 |
| eAPM promedio | 24.6 |
| Aldeanos / militares | 169 / 452 |
Foco
⚔️ 42.7% · 🌾 57.3%
Scout Cavalry ×229 · Spearman ×101 · Serjeant ×99 · Trebuchet (Packed) ×10 · Cavalry Archer ×7 · Scorpion ×3
Feudal
8:50
Castillos
18:38
Imperial
33:46
| APM promedio | 92.7 |
| APM pico | 133 |
| eAPM promedio | 52.1 |
| Aldeanos / militares | 233 / 512 |
Foco
⚔️ 58.2% · 🌾 41.8%
Scout Cavalry ×252 · Cavalry Archer ×145 · Battering Ram ×63 · Archer ×41 · Knight ×3 · Spearman ×3
Mapa de la partida
Recursos iniciales + cada clic de construcción. Líneas = muros · curvas = relieve. ◆ oro · ⬟ piedra · ● bayas · ✦ reliquia · ◌ hueco del cierre
Tu base· Abierta — el rival se encerró
Base de CL | Inkisidor_· ✓ Cerrada en 18:38 · 50t muro · sin puerta
Terreno inicial suavizado · ◌ = hueco del cierre detectado · pasá el cursor para detalles
Inputs por minuto
— itsaureus - - CL | Inkisidor_
Build order — itsaureus
Primeras 150 de 632 acciones detectadas
| 0:01 | Crear | Villager (Male) |
| 0:03 | Construir | House |
| 0:04 | Construir | House |
| 0:16 | Crear | Villager (Male) |
| 0:17 | Crear | Villager (Male) |
| 0:33 | Crear | Villager (Male) |
| 1:28 | Crear | Villager (Male) |
| 1:59 | Crear | Villager (Male) |
| 1:59 | Crear | Villager (Male) |
| 2:30 | Crear | Villager (Male) |
| 2:30 | Crear | Villager (Male) |
| 2:52 | Crear | Villager (Male) |
| 2:53 | Crear | Villager (Male) |
| 3:11 | Construir | Lumber Camp |
| 3:20 | Crear | Villager (Male) |
| 3:39 | Construir | House |
| 3:40 | Construir | House |
| 3:47 | Crear | Villager (Male) |
| 3:47 | Crear | Villager (Male) |
| 3:47 | Crear | Villager (Male) |
| 3:56 | Construir | House |
| 5:01 | Crear | Villager (Male) |
| 5:01 | Crear | Villager (Male) |
| 5:02 | Crear | Villager (Male) |
| 5:28 | Construir | Mill |
| 5:42 | Crear | Villager (Male) |
| 5:56 | Crear | Villager (Male) |
| 5:56 | Crear | Villager (Male) |
| 6:14 | Construir | Donjon |
| 6:22 | Crear | Villager (Male) |
| 7:02 | Crear | Villager (Male) |
| 7:11 | Construir | Mining Camp |
| 7:27 | Investigar | Loom |
| 8:17 | Investigar | Feudal Age |
| 8:47 | Construir | Palisade Wall |
| 8:52 | Crear | Villager (Male) |
| 8:53 | Crear | Villager (Male) |
| 10:32 | Edad | Edad Feudal |
| 10:34 | Construir | Archery Range |
| 10:38 | Construir | Blacksmith |
| 10:46 | Construir | House |
| 10:50 | Construir | Palisade Wall |
| 12:07 | Investigar | Castle Age |
| 12:24 | Crear | Archer |
| 12:41 | Investigar | Double-Bit Axe |
| 12:58 | Construir | Farm |
| 13:00 | Construir | Farm |
| 13:15 | Construir | Farm |
| 13:21 | Investigar | Horse Collar |
| 13:36 | Construir | House |
| 13:38 | Construir | Palisade Wall |
| 13:46 | Construir | Farm |
| 13:48 | Construir | Farm |
| 14:08 | Construir | Farm |
| 14:19 | Crear | Villager (Male) |
| 14:35 | Construir | Farm |
| 14:47 | Edad | Edad de los Castillos |
| 14:48 | Crear | Cavalry Archer |
| 14:56 | Investigar | Bow Saw |
| 14:58 | Crear | Villager (Male) |
| 15:19 | Crear | Cavalry Archer |
| 15:26 | Construir | Farm |
| 15:27 | Investigar | Fletching |
| 15:36 | Crear | Villager (Male) |
| 15:47 | Crear | Cavalry Archer |
| 15:57 | Crear | Villager (Male) |
| 16:09 | Construir | Farm |
| 16:11 | Construir | House |
| 16:12 | Construir | Farm |
| 16:18 | Crear | Villager (Male) |
| 16:31 | Crear | Cavalry Archer |
| 16:32 | Crear | Villager (Male) |
| 16:50 | Construir | Farm |
| 17:15 | Crear | Villager (Male) |
| 17:15 | Crear | Villager (Male) |
| 17:16 | Crear | Cavalry Archer |
| 17:33 | Construir | Farm |
| 17:38 | Construir | Farm |
| 17:44 | Crear | Villager (Male) |
| 17:55 | Construir | Town Center |
| 18:05 | Crear | Villager (Male) |
| 18:06 | Crear | Cavalry Archer |
| 18:10 | Investigar | Gold Mining |
| 18:25 | Construir | House |
| 18:30 | Investigar | Wheelbarrow |
| 18:30 | Investigar | Wheelbarrow |
| 18:36 | Crear | Cavalry Archer |
| 18:41 | Crear | Villager (Male) |
| 18:47 | Construir | Farm |
| 18:49 | Construir | Farm |
| 18:54 | Crear | Villager (Male) |
| 19:21 | Crear | Villager (Male) |
| 19:28 | Construir | Siege Workshop |
| 19:31 | Crear | Villager (Male) |
| 19:49 | Crear | Villager (Male) |
| 19:56 | Investigar | Town Watch |
| 20:03 | Construir | Farm |
| 20:13 | Crear | Villager (Male) |
| 20:21 | Crear | Villager (Male) |
| 20:22 | Crear | Scorpion |
| 20:29 | Construir | Farm |
| 20:33 | Crear | Villager (Male) |
| 20:39 | Crear | Villager (Male) |
| 20:47 | Crear | Scorpion |
| 21:01 | Crear | Villager (Male) |
| 21:02 | Crear | Villager (Male) |
| 21:38 | Crear | Villager (Male) |
| 21:38 | Crear | Villager (Male) |
| 21:49 | Construir | Town Center |
| 21:52 | Crear | Villager (Male) |
| 21:53 | Crear | Scorpion |
| 21:59 | Construir | House |
| 22:04 | Crear | Villager (Male) |
| 22:16 | Crear | Villager (Male) |
| 22:22 | Crear | Villager (Male) |
| 22:25 | Construir | Palisade Wall |
| 22:28 | Investigar | Heavy Plow |
| 22:29 | Crear | Villager (Male) |
| 22:32 | Construir | Farm |
| 22:46 | Crear | Villager (Male) |
| 22:57 | Crear | Villager (Male) |
| 22:57 | Crear | Villager (Male) |
| 23:01 | Construir | House |
| 23:02 | Construir | House |
| 23:06 | Crear | Villager (Male) |
| 23:06 | Crear | Villager (Male) |
| 23:09 | Construir | Farm |
| 23:12 | Crear | Villager (Male) |
| 23:21 | Construir | Town Center |
| 23:23 | Crear | Villager (Male) |
| 23:26 | Construir | Farm |
| 23:38 | Crear | Villager (Male) |
| 23:38 | Crear | Villager (Male) |
| 23:55 | Crear | Villager (Male) |
| 24:06 | Crear | Villager (Male) |
| 24:18 | Construir | House |
| 24:19 | Crear | Villager (Male) |
| 24:26 | Construir | Farm |
| 24:28 | Construir | Farm |
| 24:29 | Construir | Farm |
| 24:39 | Crear | Villager (Male) |
| 24:39 | Crear | Villager (Male) |
| 24:42 | Construir | Farm |
| 24:44 | Construir | Farm |
| 24:49 | Construir | Farm |
| 24:51 | Crear | Villager (Male) |
| 24:52 | Crear | Villager (Male) |
| 24:54 | Construir | Farm |
| 24:56 | Construir | Farm |
| 25:03 | Construir | Farm |
Build order — CL | Inkisidor_
Primeras 150 de 1096 acciones detectadas
| 0:00 | Crear | Villager (Male) |
| 0:00 | Crear | Villager (Male) |
| 0:01 | Crear | Villager (Male) |
| 0:09 | Crear | Villager (Male) |
| 1:11 | Crear | Villager (Male) |
| 1:42 | Crear | Villager (Male) |
| 1:48 | Construir | Lumber Camp |
| 2:09 | Crear | Villager (Male) |
| 2:30 | Crear | Villager (Male) |
| 2:49 | Crear | Villager (Male) |
| 3:24 | Crear | Villager (Male) |
| 3:45 | Crear | Villager (Male) |
| 3:54 | Crear | Villager (Male) |
| 4:29 | Crear | Villager (Male) |
| 4:32 | Crear | Villager (Male) |
| 4:48 | Crear | Villager (Male) |
| 4:56 | Construir | Mill |
| 6:08 | Investigar | Loom |
| 6:28 | Investigar | Feudal Age |
| 7:47 | Construir | Barracks |
| 8:13 | Crear | Villager (Male) |
| 8:43 | Construir | Palisade Wall |
| 8:45 | Construir | Palisade Wall |
| 8:50 | Edad | Edad Feudal |
| 8:53 | Construir | Archery Range |
| 9:03 | Crear | Villager (Male) |
| 9:14 | Investigar | Double-Bit Axe |
| 9:14 | Investigar | Double-Bit Axe |
| 9:14 | Investigar | Double-Bit Axe |
| 9:14 | Investigar | Double-Bit Axe |
| 9:14 | Investigar | Double-Bit Axe |
| 9:14 | Investigar | Double-Bit Axe |
| 9:23 | Crear | Spearman |
| 9:23 | Crear | Spearman |
| 9:29 | Crear | Villager (Male) |
| 9:52 | Crear | Archer |
| 9:55 | Crear | Villager (Male) |
| 10:09 | Construir | Mining Camp |
| 10:14 | Crear | Villager (Male) |
| 10:23 | Crear | Spearman |
| 10:40 | Construir | Mill |
| 10:41 | Crear | Villager (Male) |
| 10:53 | Crear | Villager (Male) |
| 10:56 | Crear | Villager (Male) |
| 11:04 | Construir | Palisade Wall |
| 11:04 | Construir | Palisade Wall |
| 11:07 | Crear | Villager (Male) |
| 11:08 | Crear | Archer |
| 11:08 | Crear | Archer |
| 11:12 | Crear | Villager (Male) |
| 11:21 | Crear | Villager (Male) |
| 11:33 | Crear | Villager (Male) |
| 11:35 | Crear | Archer |
| 11:42 | Construir | Farm |
| 11:44 | Construir | Farm |
| 11:58 | Crear | Villager (Male) |
| 12:14 | Construir | Farm |
| 12:15 | Crear | Archer |
| 12:20 | Construir | Palisade Wall |
| 12:38 | Crear | Villager (Male) |
| 12:46 | Construir | Farm |
| 12:52 | Construir | Palisade Wall |
| 12:58 | Crear | Archer |
| 13:07 | Construir | Palisade Wall |
| 13:08 | Construir | Palisade Wall |
| 13:09 | Construir | Palisade Wall |
| 13:18 | Crear | Villager (Male) |
| 13:27 | Construir | Farm |
| 13:29 | Construir | Farm |
| 13:31 | Crear | Archer |
| 13:42 | Crear | Villager (Male) |
| 13:49 | Crear | Villager (Male) |
| 13:50 | Construir | Farm |
| 14:06 | Crear | Villager (Male) |
| 14:34 | Crear | Villager (Male) |
| 14:40 | Construir | Farm |
| 14:43 | Construir | Farm |
| 14:43 | Crear | Villager (Male) |
| 14:58 | Construir | Blacksmith |
| 15:04 | Crear | Villager (Male) |
| 15:19 | Construir | Farm |
| 15:23 | Crear | Villager (Male) |
| 15:44 | Construir | Palisade Wall |
| 15:58 | Investigar | Castle Age |
| 15:58 | Investigar | Castle Age |
| 15:58 | Investigar | Castle Age |
| 16:06 | Crear | Archer |
| 16:08 | Construir | Palisade Wall |
| 16:19 | Crear | Archer |
| 16:20 | Construir | Archery Range |
| 16:26 | Construir | Palisade Wall |
| 16:36 | Investigar | Horse Collar |
| 16:36 | Investigar | Horse Collar |
| 16:36 | Investigar | Horse Collar |
| 16:36 | Investigar | Horse Collar |
| 16:36 | Investigar | Horse Collar |
| 16:36 | Investigar | Horse Collar |
| 16:45 | Crear | Villager (Male) |
| 16:58 | Crear | Villager (Male) |
| 17:09 | Crear | Archer |
| 17:11 | Crear | Villager (Male) |
| 17:13 | Crear | Archer |
| 17:33 | Construir | Lumber Camp |
| 17:36 | Crear | Villager (Male) |
| 17:44 | Construir | Archery Range |
| 17:46 | Investigar | Fletching |
| 17:46 | Investigar | Padded Archer Armor |
| 18:02 | Investigar | Gold Mining |
| 18:02 | Investigar | Gold Mining |
| 18:04 | Crear | Archer |
| 18:05 | Crear | Archer |
| 18:09 | Crear | Archer |
| 18:14 | Crear | Villager (Male) |
| 18:21 | Crear | Archer |
| 18:30 | Crear | Archer |
| 18:38 | Edad | Edad de los Castillos |
| 18:41 | Crear | Villager (Male) |
| 18:43 | Investigar | Padded Archer Armor |
| 18:44 | Investigar | Bodkin Arrow |
| 18:44 | Investigar | Bodkin Arrow |
| 18:44 | Investigar | Bodkin Arrow |
| 18:54 | Investigar | Crossbowman (upgrade) |
| 18:54 | Investigar | Crossbowman (upgrade) |
| 18:59 | Construir | University |
| 19:13 | Crear | Villager (Male) |
| 19:21 | Crear | Villager (Male) |
| 19:23 | Crear | Archer |
| 19:26 | Crear | Archer |
| 19:48 | Crear | Archer |
| 19:51 | Construir | Palisade Wall |
| 19:58 | Construir | Palisade Wall |
| 20:05 | Crear | Villager (Male) |
| 20:12 | Construir | Town Center |
| 20:19 | Crear | Archer |
| 20:33 | Investigar | Ballistics |
| 20:33 | Investigar | Ballistics |
| 20:33 | Investigar | Ballistics |
| 20:34 | Crear | Villager (Male) |
| 20:43 | Crear | Villager (Male) |
| 20:44 | Crear | Villager (Male) |
| 20:46 | Crear | Villager (Male) |
| 20:47 | Construir | Farm |
| 20:47 | Construir | Farm |
| 20:49 | Crear | Villager (Male) |
| 20:57 | Crear | Villager (Male) |
| 20:59 | Crear | Archer |
| 21:01 | Investigar | Padded Archer Armor |
| 21:03 | Crear | Villager (Male) |
| 21:03 | Crear | Archer |
| 21:17 | Crear | Villager (Male) |
Cronología de la partida
| 6:14 | itsaureus · first_building Donjon |
| 7:47 | CL | Inkisidor_ · first_building Barracks |
| 8:43 | CL | Inkisidor_ · wall_segment Palisade Wall x8 |
| 8:45 | CL | Inkisidor_ · wall_segment Palisade Wall x1 |
| 8:47 | itsaureus · wall_segment Palisade Wall x6 |
| 8:50 | CL | Inkisidor_ · age_up feudal |
| 8:53 | CL | Inkisidor_ · first_building Archery Range |
| 10:32 | itsaureus · age_up feudal |
| 10:34 | itsaureus · first_building Archery Range |
| 10:50 | itsaureus · wall_segment Palisade Wall x1 |
| 11:04 | CL | Inkisidor_ · wall_segment Palisade Wall x8 |
| 11:04 | CL | Inkisidor_ · wall_segment Palisade Wall x1 |
| 12:20 | CL | Inkisidor_ · wall_segment Palisade Wall x3 |
| 12:52 | CL | Inkisidor_ · wall_segment Palisade Wall x3 |
| 13:07 | CL | Inkisidor_ · wall_segment Palisade Wall x4 |
| 13:08 | CL | Inkisidor_ · wall_segment Palisade Wall x12 |
| 13:09 | CL | Inkisidor_ · wall_segment Palisade Wall x3 |
| 13:38 | itsaureus · wall_segment Palisade Wall x1 |
| 14:47 | itsaureus · age_up castle |
| 15:44 | CL | Inkisidor_ · wall_segment Palisade Wall x5 |
| 16:08 | CL | Inkisidor_ · wall_segment Palisade Wall x1 |
| 16:26 | CL | Inkisidor_ · wall_segment Palisade Wall x1 |
| 18:38 | CL | Inkisidor_ · age_up castle |
| 19:28 | itsaureus · first_building Siege Workshop |
| 19:51 | CL | Inkisidor_ · wall_segment Palisade Wall x1 |
| 19:58 | CL | Inkisidor_ · wall_segment Palisade Wall x1 |
| 22:18 | CL | Inkisidor_ · wall_segment Palisade Wall x1 |
| 22:25 | itsaureus · wall_segment Palisade Wall x1 |
| 23:24 | CL | Inkisidor_ · wall_segment Palisade Wall x3 |
| 23:26 | CL | Inkisidor_ · wall_segment Palisade Wall x1 |
| 27:44 | CL | Inkisidor_ · first_building Siege Workshop |
| 28:34 | CL | Inkisidor_ · first_building Monastery |
| 28:35 | itsaureus · first_building Castle |
| 29:29 | itsaureus · first_building Barracks |
| 29:30 | itsaureus · first_building Stable |
| 30:27 | CL | Inkisidor_ · first_market_sell 100 wood |
| 31:30 | CL | Inkisidor_ · first_market_buy 100 stone |
| 31:32 | itsaureus · age_up imperial |
| 31:35 | CL | Inkisidor_ · first_building Castle |
| 31:46 | CL | Inkisidor_ · wall_segment Palisade Wall x1 |
| 32:31 | CL | Inkisidor_ · first_building Stable |
| 33:46 | CL | Inkisidor_ · age_up imperial |
| 34:30 | itsaureus · first_market_buy 100 stone |
| 37:15 | itsaureus · first_building Monastery |
| 43:13 | CL | Inkisidor_ · wall_segment Palisade Wall x1 |
| 43:15 | CL | Inkisidor_ · wall_segment Palisade Wall x1 |
| 43:16 | CL | Inkisidor_ · wall_segment Palisade Wall x1 |
| 44:04 | itsaureus · first_market_sell 500 wood |
| 54:45 | CL | Inkisidor_ · resign |
[ ANÁLISIS IA · 1 CRÉDITO ]
¿Qué pasó realmente en esta partida?
Wolo.gg analiza cada decisión: build order, eco, micro, errores típicos por bracket. Análisis personalizado por WhatsApp o Discord en 30 segundos.
Guía civ
Sicilianos
Perfil
Jugador #17892725